 Dungeon Crawl Stone Soup version 0.29-a0-520-gc852659d43 (webtiles) character file.

Game seed: 1079106906897979174

134251 hquester1 the Fighter (level 16, -15/171 HPs)
             Began as a Troll Gladiator on May 31, 2022.
             Was an Elder of Trog.
             Demolished by a wolf spider simulacrum (18 damage)
             ... on level 2 of the Spider Nest.
             The game lasted 02:44:38 (25562 turns).

hquester1 the Fighter (Troll Gladiator)            Turns: 25562, Time: 02:44:39

Health: -15/171    AC:  9    Str: 26    XL:     16   Next: 61%
Magic:  13/13      EV: 18    Int:  4    God:    Trog [****..]
Gold:   2853       SH: 24    Dex: 29    Spells: 15/15 levels left

rFire   + + .      SeeInvis .   p - +9 flail (freeze)
rCold   . . .      Faith    .   q - +3 tower shield
rNeg    . . .      Spirit   .   D - +4 robe of Time Monsters {rF++ rCorr}
rPois   .          Reflect  .   c - +1 hat
rElec   .          Harm     .   (no cloak)
rCorr   +          Rampage  .   (gloves unavailable)
Will    +....                   (boots unavailable)
Stlth   ++........              s - amulet of regeneration
HPRegen 1.98/turn               L - +6 ring of dexterity
MPRegen 0.13/turn               l - +6 ring of dexterity

@: mighty
A: large, unfitting armour, claws 3, regeneration 1, shaggy fur 1, tough skin 1,
low MP 1
a: Renounce Religion, Berserk, Trog's Hand, Brothers in Arms


You were on level 2 of the Spider Nest.
You worshipped Trog.
Trog was greatly pleased with you.
You visited 5 branches of the dungeon, and saw 26 of its levels.
You also visited: Ossuary.

You collected 3404 gold pieces.
You spent 551 gold pieces at shops.

Inventory:

Hand Weapons
 k - a +1 morningstar of flaming
 p - a +9 flail of freezing (weapon)
 A - a +0 club
Missiles
 C - 5 large rocks (quivered)
Armour
 c - a +1 hat (worn)
 q - a +3 tower shield (worn)
 D - the +4 robe of Time Monsters (worn) {rF++ rCorr}
   (You found it on level 7 of the Dungeon)

   rF:        It greatly protects you from fire.
   rCorr:     It protects you from acid and corrosion.
Jewellery
 l - a +6 ring of dexterity (right claw)
 r - a ring of magical power
 s - an amulet of regeneration (around neck)
 t - the amulet of Reuwodoi {Acrobat rElec rC+ Str+2}
   (You found it on level 14 of the Dungeon)

   [amulet of the acrobat]

   It increases your evasion while moving and waiting.
   Str:       It affects your strength (+2).
   rC:        It protects you from cold.
   rElec:     It insulates you from electricity.
 B - an amulet of magic regeneration
 H - a ring of protection from cold
 L - a +6 ring of dexterity (left claw)
 Q - a ring of fire
 T - a +4 ring of evasion
Wands
 a - a wand of flame (43)
 g - a wand of paralysis (10)
 v - a wand of mindburst (31)
 K - a wand of iceblast (12)
 N - a wand of digging (5)
Scrolls
 b - 2 scrolls of enchant weapon
 h - a scroll of fog
 i - 9 scrolls of teleportation
 y - 4 scrolls of magic mapping
 I - 2 scrolls of silence
 M - 3 scrolls of immolation
 P - 2 scrolls of poison
 U - 6 scrolls of identify
Potions
 f - 2 potions of berserk rage
 j - 2 potions of ambrosia
 m - 8 potions of curing
 o - 2 potions of invisibility
 u - a potion of flight
 w - 2 potions of magic
 x - 4 potions of mutation
 z - 4 potions of might
 E - 3 potions of haste
 R - a potion of resistance
 V - 2 potions of cancellation
Miscellaneous
 d - a piece from Xom's chessboard (15/15)
 n - a phial of floods
 S - a phantom mirror


   Skills:
 + Level 13.7 Fighting
 + Level 12.1 Maces & Flails
 + Level 10.5 Throwing
 + Level 6.7 Armour
 + Level 11.1 Dodging
 * Level 10.7 Shields
 + Level 6.1 Evocations


You had 15 spell levels left.
You didn't know any spells.
Your spell library contained the following spells:

 Spells                   Type           Power      Damage    Failure   Level
 Apportation              Tloc           0%         N/A       91%         1
 Magic Dart               Conj           0%         1d3       91%         1
 Necrotize                Necr           0%         1d4       91%         1
 Summon Small Mammal      Summ           0%         N/A       91%         1
 Searing Ray              Conj           0%         2d4       97%         2
 Fulminant Prism          Conj/Hex       0%         3d6       100%        4
 Borgnjor's Revivificati  Necr           0%         N/A       100%        8
 Necromutation            Tmut/Necr      0%         N/A       100%        8
 Death's Door             Necr           0%         N/A       100%        9


Dungeon Overview and Level Annotations

Branches:
Dungeon (15/15)            Temple (1/1) D:6            Lair (6/6) D:8
 Shoals (0/4) Lair:2       Spider (1/4) Lair:2        Slime (0/5) Lair:6
    Orc (2/2) D:11            Elf (0/3) Orc:2        Vaults (0/5) D:13
 Depths (0/4) D:15        Ossuary (visited)

Altars:
Ashenzari
Cheibriados
Dithmenos
Elyvilon
Fedhas
Gozag
Hepliaklqana
Kikubaaqudgha
Makhleb
Nemelex Xobeh
Okawaru
Qazlal
Ru
Sif Muna
Trog
Uskayaw
Vehumet
Wu Jian
Xom
Yredelemnul
Zin
The Shining One
Beogh
Jiyva

Shops:
D:4 (   D:5 ?   D:9 [   Orc:2 :[!?

Portals:
Trove: D:15 (give +6 demon trident)

Annotations:
Lair:4 2 transporters, SuperHamster's ghost, journeyman OpCj


Innate Abilities, Weirdness & Mutations

You are too large for most types of armour.
You have claws for hands.
Your natural rate of healing is unusually fast.
You are covered in fur. (AC +1)
You have tough skin. (AC +1)
Your magical capacity is low. (-10% MP)


Message History

The wolf spider is severely wounded.
You block the wolf spider's attack. x2
You sock the wolf spider! You freeze the wolf spider.
The wolf spider is almost dead.
You block the wolf spider's attack. The wolf spider completely misses you.
You block the wolf spider's attack. x2; The jumping spider leaps!
You bludgeon the wolf spider!! You freeze the wolf spider.
You kill the wolf spider!
Trog accepts your kill.
You block the culicivora simulacrum's attack.
You closely miss the culicivora simulacrum.
You block the culicivora simulacrum's attack.
The jumping spider leaps!
You closely miss the culicivora simulacrum.
The culicivora simulacrum bites you!
* * * LOW HITPOINT WARNING * * *
The culicivora simulacrum freezes you!!
* * * LOW HITPOINT WARNING * * *
The jumping spider leaps!
You thump the culicivora simulacrum!
The culicivora simulacrum is moderately damaged.
You block the culicivora simulacrum's attack.
You bludgeon the culicivora simulacrum!!
The culicivora simulacrum vaporises!
The jumping spider leaps! x2
You barely miss the wolf spider simulacrum.
You recover from your berserk rage.
The wolf spider simulacrum hits you but does no damage.
You block the wolf spider simulacrum's attack.
You barely miss the wolf spider simulacrum.
You block the wolf spider simulacrum's attack.
The wolf spider simulacrum bites you.
* * * LOW HITPOINT WARNING * * *
The wolf spider simulacrum freezes you!
* * * LOW HITPOINT WARNING * * *
You block the wolf spider simulacrum's attack.
The wolf spider simulacrum bites you.
* * * LOW HITPOINT WARNING * * *
The wolf spider simulacrum freezes you!!
You die...

### #######.####
#.......##.### ###
#.....°......#####....#
##....##...Z..#@...#
#.... ##...ZsZ##...#
.##. #...s..# ..... #
#......## .... #.....##
... ##...^# .. .^...# .
##.... ##....


You could see an orb spider (charged), a jumping spider, a wolf spider
simulacrum and a redback simulacrum.

Vanquished Creatures
  Rupert (Lair:5)
  Gastronok (Lair:1)
  A broodmother (Lair:2)
  A dire elephant (Lair:6)
  Snorg (D:13)
  A fire dragon (Lair:6)
  A great orb of eyes (D:15)
  Josephine (D:13)
  12 hydras
  7 boulder beetles
  3 vault guards (D:13)
  Erolcha (Orc:2)
  An ogre mage (D:13)
  3 centaur warriors
  3 two-headed ogres
  A dancing weapon (D:8)
  The ghost of snackwell the Ducker, a novice GnAM of Ashenzari (D:8)
  4 orc high priests
  A tengu warrior (D:13)
  23 death yaks
  Urug (Lair:3)
  Nergalle (Lair:3)
  Amaemon (D:8)
  4 skeletal warriors (D:13)
  A pharaoh ant (Spider:2)
  An orb spider (Spider:1)
  A steelbarb worm (Spider:2)
  A flayed ghost (D:13)
  5 orc knights
  3 lindwurms (Lair:6)
  5 orc sorcerers
  5 wolf spiders
  4 deep elf pyromancers
  21 ugly things
  An oklob plant (Lair:5)
  2 cyclopes (D:11)
  2 manticores
  6 elephants
  3 black mambas
  18 cane toads
  A torpor snail (Lair:2)
  2 gargoyles
  An orange demon (D:8)
  10 komodo dragons
  A freezing wraith (D:14)
  2 unseen horrors
  5 kobold demonologists
  7 rime drakes
  An efreet (D:14)
  9 yaktaurs
  11 trolls
  3 meliai
  5 tarantellas
  4 polar bears
  Grinder (D:3)
  7 slime creatures
  Prince Ribbit (Lair:3)
  13 dream sheep
  14 blink frogs
  A blink frog (shapeshifter) (D:14)
  Sigmund (D:2)
  5 shadows
  A culicivora (Spider:2)
  8 wraiths
  3 jumping spiders (Spider:1)
  3 wyverns
  65 yaks
  A fire bat (D:13)
  7 basilisks
  Grum (Lair:1)
  5 steam dragons
  11 redbacks
  13 vampire mosquitoes
  3 wargs (Orc:1)
  16 water moccasins
  3 acid dragons
  18 orc warriors
  3 swamp drakes
  3 black bears
  2 sky beasts (D:6)
  3 ice beasts
  4 ogres
  28 wolves
  3 kobold brigands
  3 centaurs
  A phantom (D:4)
  4 elf zombies
  9 bullfrogs
  3 elf skeletons (D:7)
  2 gnoll sergeants
  11 scorpions
  2 necrophages
  8 wights
  9 killer bees
  6 howler monkeys
  A jelly (shapeshifter) (D:15)
  5 human zombies
  11 orc priests
  7 hounds
  4 jellies
  Ijyb (D:4)
  Jessica (D:2)
  24 orc wizards
  A human skeleton (D:7)
  15 iguanas
  2 mummies (Ossuary)
  Robin (D:3)
  13 adders
  8 gnolls
  8 river rats (D:5)
  2 shadow imps
  2 white imps (D:5)
  2 ufetubi
  3 worms
  3 dart slugs
  56 orcs
  7 endoplasms
  6 giant cockroaches
  10 goblins
  13 hobgoblins
  12 jackals
  15 kobolds
  11 quokkas
  5 ball pythons
  19 bats
  3 frilled lizards
  3 goblin zombies (Ossuary)
  9 hobgoblin zombies (Ossuary)
  A jackal zombie (Ossuary)
  10 kobold zombies (Ossuary)
  3 orc skeletons (D:7)
  8 orc zombies
  16 rats
  A rat zombie (Ossuary)
843 creatures vanquished.

Vanquished Creatures (collateral kills)
  Roxanne (D:14)
  A vault guard (D:13)
  An ogre mage (D:13)
  A death yak (Lair:6)
  An orc high priest (Orc:2)
  A tengu warrior (D:13)
  A swamp dragon (Lair:6)
  An orc knight (Orc:2)
  A cane toad (Lair:6)
  A torpor snail (Lair:6)
  A yaktaur (D:13)
  A komodo dragon (Lair:6)
  A rime drake (Lair:6)
  4 redbacks
  An acid dragon (Lair:6)
  2 orc warriors (Orc:2)
  2 orc priests (Orc:2)
  6 orcs (Orc:2)
28 creatures vanquished.

Vanquished Creatures (others)
  A jumping spider (Spider:1)
  A wraith (D:14)
  An orc wizard (Orc:2)
  A bush (Lair:6)
  57 fungi
  64 plants
125 creatures vanquished.

Grand Total: 996 creatures vanquished

Notes
Turn   | Place    | Note
-------+----------+-------------------------------------------
     0 | D:1      | hquester1 the Troll Gladiator began the quest for the Orb.
     0 | D:1      | Reached XP level 1. HP: 19/19 MP: 0/0
   321 | D:1      | Reached XP level 2. HP: 28/28 MP: 1/1
   509 | D:1      | Reached skill level 2 in Fighting
  1093 | D:2      | Reached XP level 3. HP: 35/35 MP: 2/2
  1097 | D:2      | Noticed a scorpion
  1106 | D:2      | Killed a scorpion
  1107 | D:2      | Reached XP level 4. HP: 16/44 MP: 3/3
  1345 | D:2      | Noticed Jessica
  1360 | D:2      | Reached skill level 3 in Fighting
  1361 | D:2      | Killed Jessica
  1362 | D:2      | Reached XP level 5. HP: 51/53 MP: 4/4
  1474 | D:2      | Noticed Sigmund
  2020 | D:3      | Noticed Grinder
  2030 | D:3      | Paralysed by Grinder for 2 turns
  2036 | D:3      | Killed Grinder
  2037 | D:3      | Reached skill level 4 in Fighting
  2037 | D:3      | Reached XP level 6. HP: 62/62 MP: 5/5
  2177 | D:3      | Found a sacrificial altar of Ru.
  2406 | D:3      | Noticed Robin
  2413 | D:3      | Killed Robin
  2560 | D:2      | Killed Sigmund
  2561 | D:2      | Reached XP level 7. HP: 64/71 MP: 6/6
  3148 | D:4      | Noticed Ijyb
  3166 | D:4      | Killed Ijyb
  3273 | D:4      | Reached skill level 5 in Fighting
  3467 | D:4      | Reached XP level 8. HP: 77/81 MP: 7/7
  3488 | D:4      | Reached skill level 5 in Maces & Flails
  3530 | D:4      | Found Cupesa's Antique Weapon Shoppe.
  3963 | D:4      | Reached skill level 6 in Fighting
  4250 | D:5      | Entered Level 5 of the Dungeon
  4292 | D:5      | Reached skill level 5 in Dodging
  4631 | D:5      | Reached skill level 7 in Fighting
  4638 | D:5      | Found a stormy altar of Qazlal.
  4716 | D:5      | Found a snail-covered altar of Cheibriados.
  4794 | D:5      | Found Uppeec's Magic Scroll Shoppe.
  4887 | D:5      | Noticed an air elemental
  4923 | D:5      | Found a glowing silver altar of Zin.
  4934 | D:5      | Reached XP level 9. HP: 93/93 MP: 8/8
  5296 | D:6      | Found a staircase to the Ecumenical Temple.
  5301 | Temple   | Entered the Ecumenical Temple
  5887 | D:7      | Reached skill level 8 in Fighting
  6276 | D:7      | Found a sand-covered staircase.
  6292 | Ossuary  | Entered an ossuary
  6572 | D:7      | Reached XP level 10. HP: 106/106 MP: 9/9
  6882 | D:7      | Identified the +4 robe of Time Monsters {rF++ rCorr}
  6954 | D:7      | Found a shimmering altar of Xom.
  6955 | D:7      | Found an ancient bone altar of Kikubaaqudgha.
  6968 | D:7      | Identified the +1 robe "Rofamyes" {Harm rF+}
  7396 | D:7      | Reached skill level 9 in Fighting
  7628 | D:8      | Noticed an orange demon
  7728 | D:8      | Noticed Amaemon
  7744 | D:8      | Killed an orange demon
  7750 | D:8      | Killed Amaemon
  7800 | D:8      | Found a runed translucent door.
  7801 | D:8      | Found a shimmering altar of Xom.
  7801 | D:8      | Noticed snackwell's ghost (novice GnAM)
  7802 | D:8      | Noticed a +1 spear of chaos
  8112 | D:8      | Found a staircase to the Lair.
  8650 | D:9      | Reached XP level 11. HP: 113/115 MP: 10/10
  8679 | D:9      | Noticed a two-headed ogre
  8707 | D:9      | Reached skill level 10 in Fighting
  8707 | D:9      | Reached skill level 5 in Throwing
  8764 | D:9      | Killed a two-headed ogre
  9326 | D:9      | Found Buudood's Antique Armour Shop.
  9503 | D:10     | Entered Level 10 of the Dungeon
  9664 | D:10     | Found a shimmering blue altar of Sif Muna.
  9715 | D:10     | Found an ornate altar of the Wu Jian Council.
  9717 | D:10     | Found a bloodstained altar of Trog.
  9725 | D:10     | Became a worshipper of Trog the Wrathful
  9740 | D:10     | Noticed a two-headed ogre
  9749 | D:10     | Killed a two-headed ogre
 10393 | D:11     | Found a staircase to the Orcish Mines.
 10420 | D:11     | HP: 5/118 [orc warrior/+0 glaive (20)]
 10420 | D:11     | HP: 2/118 [something (3)]
 10460 | D:11     | Reached * piety under Trog
 10460 | D:11     | Noticed a four-headed hydra
 10473 | D:11     | Killed a four-headed hydra
 10611 | D:11     | Noticed a four-headed hydra
 10621 | D:11     | Killed a four-headed hydra
 10622 | D:11     | Reached skill level 11 in Fighting
 11190 | D:11     | Reached XP level 12. HP: 129/130 MP: 11/11
 11392 | D:11     | Noticed a six-headed hydra
 11404 | D:11     | Killed a six-headed hydra
 11617 | D:8      | Killed snackwell's ghost
 11764 | D:10     | Gained mutation: Your magical capacity is low. (-10% MP) [a
                  | neqoxec]
 11885 | D:11     | Reached ** piety under Trog
 12165 | D:12     | Reached skill level 12 in Fighting
 12377 | D:12     | Found an ornate altar of the Wu Jian Council.
 12408 | D:12     | Noticed a two-headed ogre
 12421 | D:12     | Killed a two-headed ogre
 12422 | D:12     | Reached skill level 1 in Shields
 12707 | D:13     | Noticed a tengu warrior
 12708 | D:13     | Noticed a tengu warrior
 12719 | D:13     | Killed a tengu warrior
 12727 | D:13     | Killed a tengu warrior
 12728 | D:13     | Reached skill level 1 in Armour
 12728 | D:13     | Reached skill level 1 in Evocations
 12784 | D:13     | Noticed an eight-headed hydra
 12982 | Lair:1   | Entered Level 1 of the Lair of Beasts
 13322 | Lair:1   | Reached *** piety under Trog
 13335 | Lair:1   | Noticed Grum
 13339 | Lair:1   | Reached XP level 13. HP: 136/140 MP: 10/10
 13349 | Lair:1   | Killed Grum
 13397 | Lair:1   | Noticed Gastronok
 13409 | Lair:1   | Killed Gastronok
 13476 | Lair:1   | Reached skill level 10 in Maces & Flails
 14088 | Lair:2   | Found a staircase to the Shoals.
 14400 | Lair:2   | Reached **** piety under Trog
 14445 | Lair:2   | Found a hole to the Spider Nest.
 14470 | Lair:2   | Reached skill level 5 in Shields
 15191 | Lair:3   | Noticed Urug
 15194 | Lair:3   | Noticed Nergalle
 15212 | Lair:3   | Killed Nergalle
 15214 | Lair:3   | Killed Urug
 15497 | Lair:3   | Noticed Prince Ribbit
 15512 | Lair:3   | Killed Prince Ribbit
 15885 | Lair:3   | Reached XP level 14. HP: 143/150 MP: 11/11
 15963 | Lair:4   | Found a transporter.
 15964 | Lair:4   | Noticed SuperHamster's ghost (journeyman OpCj)
 15982 | Lair:4   | Found a transporter.
 16815 | Lair:5   | Noticed Rupert
 16821 | Lair:5   | Paralysed by Rupert for 3 turns
 17183 | Lair:5   | Killed Rupert
 17873 | Lair:6   | Entered Level 6 of the Lair of Beasts
 17883 | Lair:5   | Reached ***** piety under Trog
 17929 | Lair:6   | Reached skill level 10 in Dodging
 18456 | Lair:6   | Found a viscous altar of Jiyva.
 18456 | Lair:6   | Found a staircase to the Slime Pits.
 18571 | Lair:6   | Reached skill level 13 in Fighting
 18591 | Lair:6   | Reached skill level 5 in Armour
 18591 | Lair:6   | Reached XP level 15. HP: 159/159 MP: 12/12
 19253 | Lair:6   | Received a gift from Trog
 19878 | Orc:1    | Entered Level 1 of the Orcish Mines
 20511 | Orc:2    | Entered Level 2 of the Orcish Mines
 20580 | Orc:2    | Noticed Erolcha
 20583 | Orc:2    | Killed Erolcha
 20584 | Orc:2    | Reached skill level 5 in Evocations
 20762 | Orc:2    | Found a staircase to the Elven Halls.
 21202 | Orc:2    | HP: 4/161 [hellwing[an orc high priest] (6)]
 21337 | Orc:2    | Found Udufusauti's Magic Scroll Shop.
 21337 | Orc:2    | Found Ytakh's Book Emporium.
 21345 | Orc:2    | Found Laamir's Antique Armour Emporium.
 21345 | Orc:2    | Found Oteohop's Distillery.
 21391 | Orc:2    | Bought a scroll of brand weapon for 260 gold pieces
 21391 | Orc:2    | Bought a scroll of enchant weapon for 97 gold pieces
 21391 | Orc:2    | Bought a scroll of enchant weapon for 97 gold pieces
 21391 | Orc:2    | Bought a scroll of enchant armour for 97 gold pieces
 22021 | D:13     | Found a broken altar of Ashenzari.
 22043 | D:13     | Found a runed translucent door.
 22046 | D:13     | Found a glowing silver altar of Zin.
 22049 | D:13     | Received a gift from Trog
 22065 | D:13     | Found a shadowy altar of Dithmenos.
 22103 | D:13     | Found an ancient bone altar of Kikubaaqudgha.
 22103 | D:13     | Noticed Snorg
 22114 | D:13     | Killed Snorg
 22150 | D:13     | Found an opulent altar of Gozag.
 22161 | D:13     | Found a sparkling altar of Nemelex Xobeh.
 22185 | D:13     | Identified the +2 leather armour "Yfa Qemy" {rElec rCorr
                  | Int+8 Stlth-}
 22506 | D:13     | Found a gate to the Vaults.
 22527 | D:13     | Reached skill level 10 in Throwing
 22569 | D:14     | Noticed Josephine
 22596 | D:13     | Killed Josephine
 22644 | D:14     | Reached XP level 16. HP: 155/170 MP: 13/13
 23017 | D:14     | Noticed Roxanne
 23586 | D:14     | Killed Roxanne
 23587 | D:14     | Reached skill level 10 in Shields
 23589 | D:14     | Identified the amulet of Reuwodoi {Acrobat rElec rC+ Str+2}
 23663 | D:15     | Entered Level 15 of the Dungeon
 23788 | D:15     | Found a white marble altar of Elyvilon.
 24699 | D:15     | Found a portal to a secret trove of treasure.
 24783 | D:15     | Found a staircase to the Depths.
 25098 | Spider:1 | Entered Level 1 of the Spider Nest
 25506 | Spider:1 | You fall into a shaft and drop 1 floor!
 25562 | Spider:2 | HP: 6/171 [wolf spider simulacrum (15)]
 25562 | Spider:2 | Demolished by a wolf spider simulacrum

Illustrated notes

Levels and vault maps discovered:
D:1:      shiori_arrival_elements, layout_loops_ring, corexii_corridor_pit,
          patterned_corridor
D:2:      layout_loops_cross, hex_large, serial_bayou_pond_b, uniq_jessica,
          uniq_sigmund
D:3:      kennysheep_six_static_rooms, layout_basic,
          nicolae_ru_the_path_less_chosen, uniq_robin, uniq_grinder
D:4:      minmay_chambers_of_twos, layout_basic, serial_shops,
          nicolae_shop_advertising_works [nicolae_subvault_shop_adworks],
          st_stairs_13, minmay_misc_feat_roman, uniq_ijyb
D:5:      lemuel_ratsnest, layout_rooms, zin_academy, amcnicky_altar_gilded,
          nicolae_qazlal_style_of_elements, serial_shops, shop_fountains
D:6:      layout_rooms, minmay_temple_entry_nine_rooms
D:7:      cheibrodos_steamvent, layout_basic, grunt_temple_overflow_open,
          nicolae_ossuary_entry_catacombs
D:8:      layout_cave_pods, erik_lair_dragon, ebering_ghost_xom, uniq_amaemon
D:9:      layout_cave_pods, serial_shops, shop
D:10:     layout_basic, mainiacjoe_overflow_tiny_flanked,
          chequers_temple_overflow_statue_of_worship
D:11:     layout_cave_pods, minmay_orc_entry_temple_small
D:12:     layout_rooms, nzn_wu_jian_council_hall
D:13:     due_megacathedral, layout_rooms, grunt_vaults_entry_fortified,
          uniq_snorg
D:14:     layout_loops_ring, chequers_serial_rivers_room_a, uniq_josephine,
          uniq_roxanne
D:15:     gammafunk_enter_depths_forms, layout_irregular_city,
          corexii_hall_statues_deadend, enter_trove_6, elyvilon_altar_5
Temple:   dshaligram_water_room_temple
Lair:1:   layout_big_grid, uniq_grum, uniq_gastronok
Lair:2:   layout_gridlike, elwin_shoals_entry_rocks,
          nicolae_spider_entry_non_spiders, serial_bayou_pond_d,
          serial_bayou_shore_b
Lair:3:   layout_chaotic_city, uniq_urug, uniq_nergalle, uniq_prince_ribbit2
Lair:4:   layout_loops_ring, gammafunk_ghost_arena
Lair:5:   layout_cave_pods, serial_bayou_shore_b, serial_bayou_shore_b,
          uniq_rupert
Lair:6:   guppyfry_lair_end_dragon, layout_long_grid, hangedman_lair_in_review,
          slime_altar_1, serial_bayou_shore_a
Spider:1: layout_spider_delve, nicolae_spider_altar_of_dancing, uniq_mlioglotl
Spider:2: layout_chambers, hangedman_spider_tarantella_strand
Orc:1:    layout_diamond_mine, hellmonk_bongcloud_opening
Orc:2:    grunt_orc_tribal_feast, layout_caves, basic_altar,
          kennysheep_orc_chapel, uniq_erolcha

Skill      XL: |  1  2  3  4  5  6  7  8  9 10 11 12 13 14 15 16 |
---------------+-------------------------------------------------+-----
Throwing       | 2 3 4 6 7 8 9 10 | 10.5
Fighting       | 2 3 4 5 7 8 9 11 12 13 | 13.7
Maces & Flails | 3 4 5 7 9 10 11 12 | 12.1
Dodging        | 3 4 5 6 7 8 9 10 11 | 11.1
Shields        | 2 5 8 9 10 | 10.7
Armour         | 1 3 5 6 |  6.7
Evocations     | 1 3 4 5 6 |  6.1

Action                   |  1- 3 |  4- 6 |  7- 9 | 10-12 | 13-15 | 16-18 || total
-------------------------+-------+-------+-------+-------+-------+-------++-------
Melee: Flail             |    83 |   177 |   510 |   656 |  1546 |   436 ||  3408
       Punch             |       |     1 |     1 |       |       |       ||     2
Throw: Large rock        |       |       |       |    16 |    53 |    13 ||    82
Invok: Berserk           |       |       |       |     3 |    17 |     5 ||    25
       Trog's Hand       |       |       |       |       |     3 |       ||     3
       Brothers in Arms  |       |       |       |       |     5 |     4 ||     9
Evoke: Wand              |       |       |       |       |       |     1 ||     1
  Use: Scroll            |       |     7 |     8 |    16 |    14 |     5 ||    50
       Potion            |       |       |     2 |     3 |     3 |     7 ||    15
 Stab: Sleeping          |     2 |       |     6 |       |     6 |     4 ||    18
       Distracted        |       |       |     1 |     1 |     1 |       ||     3
Armor: Robe              |    53 |    67 |   143 |   273 |   254 |    58 ||   848
       Skin              |     1 |       |       |       |       |       ||     1
       Steam dragon scal |       |       |       |     2 |       |       ||     2
Dodge: Dodged            |    56 |    85 |   176 |   354 |   697 |   192 ||  1560
Block: Tower shield      |       |       |   129 |   601 |  1673 |   502 ||  2905

Table legend: (Time is in decaauts)
 A = Elapsed time spent in this place.
 B = Non-inter-level travel time spent in this place.
 C = Inter-level travel time spent in this place.
 D = Time resting spent in this place.
 E = Time spent auto-exploring this place.
 F = Levels seen in this place.
 G = Mean time per level.
                   A        B        C        D        E       F      G
               +--------+--------+--------+--------+--------+-----+--------+
         Total |  26650 |  24963 |   1687 |   1787 |  12536 |  27 |  987.0 |
       Dungeon |  16894 |  15545 |   1349 |   1135 |   8772 |  15 | 1126.3 |
        Temple |    273 |    270 |      3 |      0 |    100 |   1 |  273.0 |
          Lair |   7364 |   7117 |    247 |    534 |   3065 |   6 | 1227.3 |
   Spider Nest |    289 |    289 |      0 |     46 |      0 |   2 |  144.5 |
  Orcish Mines |   1543 |   1458 |     85 |     72 |    599 |   2 |  771.5 |
       Ossuary |    286 |    286 |      0 |      0 |      0 |   1 |  286.0 |
               +--------+--------+--------+--------+--------+-----+--------+

Top non-repeatable levels by time:
     D:8: 1715 daAuts
  Lair:6: 1693 daAuts
     D:7: 1595 daAuts
    D:11: 1469 daAuts
  Lair:5: 1462 daAuts
    D:13: 1326 daAuts
     D:4: 1313 daAuts
  Lair:2: 1309 daAuts
    D:14: 1123 daAuts
    D:15: 1102 daAuts
     D:3: 1099 daAuts
     D:1: 1090 daAuts
     D:9: 1069 daAuts
    D:10: 1059 daAuts
  Lair:1: 1056 daAuts
